Washington Capitals vs Philadelphia Flyers
Created - Wednesday, December 18, 2024 at 08:49
Goals
|
| Washington Capitals |
0 |
3 |
0 |
0 |
3 |
| Philadelphia Flyers |
2 |
0 |
1 |
1 |
4 |
|
Shots
|
| Washington Capitals |
6 |
19 |
14 |
5 |
44 |
| Philadelphia Flyers |
10 |
21 |
12 |
3 |
46 |
|
1st period
1. Philadelphia Flyers , Matt Rempe 2 (Samuel Poulin 2, Lukas Rousek 2) at 10:24
2. Philadelphia Flyers , Radek Faksa 1 (Cody Glass 2, Sonny Milano 2) at 11:57
Penalties :
Vladimir Tarasenko (WSH) for Roughing (Minor) at 3:03
2nd period
3. Washington Capitals , Alex Ovechkin 3 (Nico Hischier 5) at 6:11
4. Washington Capitals , Nick Foligno 1 (Owen Tippett 2, Vladimir Tarasenko 2) at 7:16
5. Washington Capitals , Nick Foligno 2 (Owen Tippett 3, Vladimir Tarasenko 3) at 13:31
Penalties :
John Carlson (WSH) for Tripping (Minor) at 3:00, Alex Ovechkin (WSH) for Goalie Interference (Minor) at 9:24
3rd period
6. Philadelphia Flyers , Marcus Johansson 2 (Zac Jones 1, Jesper Fast 4) at 15:28
Penalties :
Casey Cizikas (PHI) for High sticking (Minor) at 17:31
Overtime #1
7. Philadelphia Flyers , Cody Glass 2 (Marcus Johansson 3, Radek Faksa 4) at 8:05 (PP)
Penalties :
Jamie Oleksiak (WSH) for Holding (Minor) at 6:15
Goalie Stats
Jake Oettinger (WSH), 42 saves from 46 shots - (0.913), OTL, 2-1-1, 68:05 minutes
Connor Ingram (PHI), 41 saves from 44 shots - (0.932), W, 2-1-1, 68:05 minutes
Players Stats for Washington Capitals
Player Name G A P +/- PIM S H SB GA TA FO MP PP MP PK MP
------------------------------------------------------------------------------------
Alex Ovechkin 1 0 1 -1 2 5 0 0 3 1 3/3 21:56 1:12 0:00
Brad Marchand 0 0 0 0 0 3 3 1 2 1 1/2 21:02 0:00 4:34
Derek Forbort 0 0 0 0 0 0 1 1 0 2 0/0 25:55 0:49 4:53
Drake Batherson 0 0 0 -1 0 6 0 0 0 0 0/0 8:38 0:00 0:37
Fabian Zetterlund 0 0 0 -1 0 0 0 1 0 0 0/0 10:20 0:00 2:35
Ian Cole 0 0 0 2 0 1 1 0 0 2 0/0 19:41 0:00 2:53
Jamie Oleksiak 0 0 0 -2 2 5 2 3 0 1 0/0 26:06 0:49 3:47
Jason Robertson 0 0 0 -1 0 2 1 0 1 2 0/1 21:50 1:12 0:00
John Carlson 0 0 0 -2 2 2 1 1 1 0 0/0 22:37 1:10 0:00
Jordan Kyrou 0 0 0 0 0 2 1 3 0 0 0/0 17:15 0:47 0:00
Michael McLeod 0 0 0 -1 0 0 0 0 0 0 2/4 9:45 0:00 2:00
Mikael Backlund 0 0 0 0 0 2 3 0 0 0 12/24 20:53 0:00 4:34
Nick Foligno 2 0 2 2 0 9 2 0 0 0 7/10 15:21 0:47 1:12
Nick Jensen 0 0 0 2 0 0 2 1 0 2 0/0 19:41 0:00 2:53
Nico Hischier 0 1 1 -1 0 4 1 0 2 1 20/39 21:50 1:12 0:00
Owen Tippett 0 2 2 2 0 2 1 2 0 0 0/0 13:29 0:00 0:00
Thomas Harley 0 0 0 0 0 0 1 0 1 0 0/0 22:17 1:10 1:06
Vladimir Tarasenko 0 2 2 2 2 1 0 3 1 0 0/0 13:59 0:47 0:00
Players Stats for Philadelphia Flyers
Player Name G A P +/- PIM S H SB GA TA FO MP PP MP PK MP
------------------------------------------------------------------------------------
Albert Johansson 0 0 0 0 0 2 1 1 0 1 0/0 16:49 0:00 0:00
Casey Cizikas 0 0 0 1 2 1 0 1 0 0 8/18 18:04 3:22 0:00
Cody Glass 1 1 2 -1 0 9 1 0 2 0 2/3 19:43 4:24 0:30
Daniil Misyul 0 0 0 0 0 0 2 0 0 1 0/0 16:49 0:00 0:00
Jeff Skinner 0 0 0 1 0 5 0 0 0 1 1/2 18:19 3:22 0:00
Jesper Fast 0 1 1 -1 0 5 0 2 0 1 1/1 14:53 0:00 0:36
Joel Edmundson 0 0 0 2 0 1 0 2 0 2 0/0 24:01 2:50 0:54
Lukas Rousek 0 1 1 1 0 5 0 0 0 0 0/0 14:54 0:00 0:00
Marcus Johansson 1 1 2 1 0 3 1 0 4 0 0/2 19:20 4:24 0:18
Matt Rempe 1 0 1 1 0 3 2 0 1 0 0/0 14:54 0:00 0:00
Radek Faksa 1 1 2 -1 0 3 2 0 2 1 11/25 19:50 4:24 1:05
Ryan Winterton 0 0 0 -1 0 0 1 0 1 0 1/1 14:17 0:00 0:00
Samuel Poulin 0 1 1 1 0 4 0 0 0 0 8/17 14:54 0:00 0:00
Sean Kuraly 0 0 0 -1 0 2 2 0 0 0 6/11 19:38 4:56 0:36
Sonny Milano 0 1 1 -1 0 1 4 0 0 0 0/3 18:57 3:22 0:53
Trevor van Riemsdyk 0 0 0 -2 0 1 0 0 2 2 0/0 27:08 4:56 0:54
Vladislav Gavrikov 0 0 0 -2 0 0 0 2 0 1 0/0 24:43 2:50 1:05
Zac Jones 0 1 1 2 0 1 0 0 0 1 0/0 21:12 0:00 1:05
3 Stars
1 - Nick Foligno (WSH)
2 - Marcus Johansson (PHI)
3 - Owen Tippett (WSH)
Power Play
Washington Capitals - 0 on 1 Attempt(s) - 0.00%
Philadelphia Flyers - 1 on 4 Attempt(s) - 25.00%
Penalty Kill
Washington Capitals - 3 on 4 Attempt(s) - 75.00%
- Score 0 goal in Penalty Kill
Philadelphia Flyers - 1 on 1 Attempt(s) - 100.00%
- Score 0 goal in Penalty Kill
Team Stat
Washington Capitals - Hits : 20 - Faceoff Wins : 45 - Blocked Shots : 16 - Penalty Minutes : 8
Philadelphia Flyers - Hits : 16 - Faceoff Wins : 38 - Blocked Shots : 8 - Penalty Minutes : 2
Official
Referees : Jon Mcisaac and Marc Joannette
Linesman : Steve Barton and CJ Murray
Game Notes
5:48 of 2nd period - Washington Capitals goal is going for a video replay. After video review, No Goal. The goal has been scored and an ineligible player is on the ice.
Finance
Level 1 -- Attendance: 6000 (100.00%) -- Ticket Income $546,000
Level 2 -- Attendance: 5000 (100.00%) -- Ticket Income $260,000
Level 3 -- Attendance: 3000 (100.00%) -- Ticket Income $84,000
Level 4 -- Attendance: 5000 (100.00%) -- Ticket Income $90,000
Luxury Box -- Attendance: 1000 (100.00%) -- Ticket Income $190,000
Game was played at the Wells Fargo Center.
Total Attendance: 20000 (100.00%)
Total Ticket Income: $1,170,000
Other Income: $409,500
Total Income: $1,579,500
Washington Capitals
5 vs 5 Forward
Center Left Wing Right Wing Time % Phy DF OF
1 Nico Hischier Alex Ovechkin Jason Robertson 40 1 1 3
2 Mikael Backlund Brad Marchand Jordan Kyrou 30 1 1 3
3 Nick Foligno Vladimir Tarasenko Owen Tippett 20 1 1 3
4 Michael McLeod Drake Batherson Fabian Zetterlund 10 1 1 3
5 vs 5 Defense
Defense Defense Time % Phy DF OF
1 John Carlson Jamie Oleksiak 37 2 3 0
2 Derek Forbort Thomas Harley 35 2 3 0
3 Ian Cole Nick Jensen 28 2 3 0
4 John Carlson Derek Forbort 0 2 3 0
PowerPlay Forward
Center Left Wing Right Wing Time % Phy DF OF
1 Nico Hischier Alex Ovechkin Jason Robertson 60 1 2 2
2 Nick Foligno Vladimir Tarasenko Jordan Kyrou 40 1 2 2
PowerPlay Defense
Defense Defense Time % Phy DF OF
1 John Carlson Thomas Harley 60 1 2 2
2 Jamie Oleksiak Derek Forbort 40 1 2 2
Penalty Kill 4 Players Forward
Center Wing Time % Phy DF OF
1 Mikael Backlund Brad Marchand 60 1 2 2
2 Michael McLeod Fabian Zetterlund 40 1 2 2
Penalty Kill 4 Players Defense
Defense Defense Time % Phy DF OF
1 Derek Forbort Jamie Oleksiak 60 1 2 2
2 Nick Jensen Ian Cole 40 1 2 2
Penalty Kill - 3 Players Forward
Forward Time % Phy DF OF
1 Mikael Backlund 60 1 2 2
2 Michael McLeod 40 1 2 2
Penalty Kill - 3 Players Defense
Defense Defense Time % Phy DF OF
1 Derek Forbort Jamie Oleksiak 60 1 2 2
2 Nick Jensen Ian Cole 40 1 2 2
4 vs 4 Forward
Center Wing Time % Phy DF OF
1 Nico Hischier Alex Ovechkin 60 1 2 2
2 Nick Foligno Jason Robertson 40 1 2 2
4 vs 4 Defense
Defense Defense Time % Phy DF OF
1 John Carlson Thomas Harley 60 1 2 2
2 Jamie Oleksiak Derek Forbort 40 1 2 2
Last Minutes Offensive
Center Left Wing Right Wing Defense Defense
Nico Hischier Alex Ovechkin Jason Robertson John Carlson Thomas Harley
Last Minutes Defensive
Center Left Wing Right Wing Defense Defense
Mikael Backlund Brad Marchand Nick Foligno Derek Forbort Jamie Oleksiak
Goaltenders
Starting : Jake Oettinger
Backup : Sergei Bobrovsky
Extra Forwards
Normal : Owen Tippett, Drake Batherson, Jordan Kyrou - PP : Owen Tippett, Fabian Zetterlund - PK : Fabian Zetterlund
Extra Defensemen
Normal : Thomas Harley, Jamie Oleksiak, Ian Cole - PP : Derek Forbort - PK : Jamie Oleksiak, Thomas Harley
Penalty Shots
Jason Robertson, Drake Batherson, Jordan Kyrou, Vladimir Tarasenko, John Carlson
Scratches
Yegor Chinakhov (Healthy), Stefan Noesen (Healthy)
Philadelphia Flyers
5 vs 5 Forward
Center Left Wing Right Wing Time % Phy DF OF
1 Casey Cizikas Jeff Skinner Marcus Johansson 25 0 1 4
2 Radek Faksa Sonny Milano Cody Glass 25 0 1 4
3 Sean Kuraly Ryan Winterton Jesper Fast 25 0 2 3
4 Samuel Poulin Matt Rempe Lukas Rousek 25 0 2 3
5 vs 5 Defense
Defense Defense Time % Phy DF OF
1 Vladislav Gavrikov Trevor van Riemsdyk 35 0 3 2
2 Joel Edmundson Zac Jones 35 0 3 2
3 Albert Johansson Daniil Misyul 30 0 4 1
4 Vladislav Gavrikov Trevor van Riemsdyk 0 0 3 2
PowerPlay Forward
Center Left Wing Right Wing Time % Phy DF OF
1 Casey Cizikas Jeff Skinner Sonny Milano 50 0 0 5
2 Radek Faksa Marcus Johansson Cody Glass 50 0 0 5
PowerPlay Defense
Defense Defense Time % Phy DF OF
1 Vladislav Gavrikov Joel Edmundson 50 0 1 4
2 Trevor van Riemsdyk Sean Kuraly 50 0 1 4
Penalty Kill 4 Players Forward
Center Wing Time % Phy DF OF
1 Casey Cizikas Radek Faksa 50 0 5 0
2 Sean Kuraly Jesper Fast 50 0 5 0
Penalty Kill 4 Players Defense
Defense Defense Time % Phy DF OF
1 Vladislav Gavrikov Zac Jones 50 0 5 0
2 Joel Edmundson Trevor van Riemsdyk 50 0 5 0
Penalty Kill - 3 Players Forward
Forward Time % Phy DF OF
1 Casey Cizikas 50 0 5 0
2 Radek Faksa 50 0 5 0
Penalty Kill - 3 Players Defense
Defense Defense Time % Phy DF OF
1 Vladislav Gavrikov Zac Jones 50 0 5 0
2 Joel Edmundson Trevor van Riemsdyk 50 0 5 0
4 vs 4 Forward
Center Wing Time % Phy DF OF
1 Casey Cizikas Jeff Skinner 50 0 1 4
2 Radek Faksa Sonny Milano 50 0 1 4
4 vs 4 Defense
Defense Defense Time % Phy DF OF
1 Vladislav Gavrikov Trevor van Riemsdyk 50 0 3 2
2 Joel Edmundson Zac Jones 50 0 3 2
Last Minutes Offensive
Center Left Wing Right Wing Defense Defense
Casey Cizikas Jeff Skinner Sonny Milano Vladislav Gavrikov Marcus Johansson
Last Minutes Defensive
Center Left Wing Right Wing Defense Defense
Casey Cizikas Sean Kuraly Radek Faksa Vladislav Gavrikov Trevor van Riemsdyk
Goaltenders
Starting : Connor Ingram
Backup : Devin Cooley
Extra Forwards
Normal : Jeff Skinner, Casey Cizikas, Sonny Milano - PP : Jeff Skinner, Casey Cizikas - PK : Sonny Milano
Extra Defensemen
Normal : Joel Edmundson, Trevor van Riemsdyk, Vladislav Gavrikov - PP : Joel Edmundson - PK : Trevor van Riemsdyk, Vladislav Gavrikov
Penalty Shots
Jeff Skinner, Sonny Milano, Casey Cizikas, Cody Glass, Jesper Fast
Scratches
Marcel Marcel (Healthy)
% Time on Ice - Washington Capitals
Lines # - Real PCT - Wanted PCT - Time Play
Normal Forward
1 - 36% - 40% - 21:11
2 - 28% - 30% - 16:22
3 - 23% - 20% - 13:12
4 - 13% - 10% - 7:35
Normal Defense
1 - 37% - 37% - 21:44
2 - 34% - 35% - 19:58
3 - 29% - 28% - 16:38
4 - 0% - 0% - 0:00
PP Forward
1 - 61% - 60% - 1:12
2 - 39% - 40% - 0:47
PP Defense
1 - 59% - 60% - 1:10
2 - 41% - 40% - 0:49
PK Forward
1 - 74% - 60% - 5:46
2 - 26% - 40% - 2:00
PK Defense
1 - 63% - 60% - 4:53
2 - 37% - 40% - 2:53
PK3 Forward
1 - 0% - 60%
2 - 0% - 40%
PK3 Defense
1 - 0% - 60%
2 - 0% - 40%
44 Forward
1 - 0% - 60%
2 - 0% - 40%
44 Defense
1 - 0% - 60%
2 - 0% - 40%
Last Minute Offensive - 0:00
Last Minute Defensive - 0:00
Total
Forward - 68:05
Defense - 68:05
|
% Time on Ice - Philadelphia Flyers
Lines # - Real PCT - Wanted PCT - Time Play
Normal Forward
1 - 25% - 25% - 14:43
2 - 25% - 25% - 14:26
3 - 24% - 25% - 14:17
4 - 26% - 25% - 14:54
Normal Defense
1 - 36% - 35% - 20:48
2 - 36% - 35% - 20:43
3 - 29% - 30% - 16:49
4 - 0% - 0% - 0:00
PP Forward
1 - 43% - 50% - 3:22
2 - 57% - 50% - 4:24
PP Defense
1 - 36% - 50% - 2:50
2 - 64% - 50% - 4:56
PK Forward
1 - 70% - 50% - 1:23
2 - 30% - 50% - 0:36
PK Defense
1 - 55% - 50% - 1:05
2 - 45% - 50% - 0:54
PK3 Forward
1 - 0% - 50%
2 - 0% - 50%
PK3 Defense
1 - 0% - 50%
2 - 0% - 50%
44 Forward
1 - 0% - 50%
2 - 0% - 50%
44 Defense
1 - 0% - 50%
2 - 0% - 50%
Last Minute Offensive - 0:00
Last Minute Defensive - 0:00
Total
Forward - 68:05
Defense - 68:05
|
Play-by-Play
1st period
0:01 of 1st period - Alex Ovechkin wins face-off versus Casey Cizikas in neutral zone.
0:05 of 1st period - Off-side.
0:06 of 1st period - Nico Hischier wins face-off versus Marcus Johansson in neutral zone.
0:13 of 1st period - Jamie Oleksiak is hit by Marcus Johansson and loses puck.
0:57 of 1st period - Snap shot by Jesper Fast.
0:57 of 1st period - Stopped by Jake Oettinger without a rebound.
0:58 of 1st period - Nick Foligno wins face-off versus Sean Kuraly in Washington Capitals zone.
0:58 of 1st period - Nick Foligno is hit by Ryan Winterton.
1:11 of 1st period - Off-side.
1:12 of 1st period - Michael McLeod wins face-off versus Samuel Poulin in neutral zone.
1:37 of 1st period - Daniil Misyul is hit by Nick Jensen and loses puck.
1:52 of 1st period - Snap shot by Lukas Rousek.
1:52 of 1st period - Stopped by Jake Oettinger with a rebound.
2:04 of 1st period - Samuel Poulin is hit by Brad Marchand and loses puck.
2:27 of 1st period - Wrist shot by Lukas Rousek.
2:27 of 1st period - Stopped by Jake Oettinger without a rebound.
2:28 of 1st period - Nico Hischier wins face-off versus Casey Cizikas in Washington Capitals zone.
3:03 of 1st period - Minor Penalty to Vladimir Tarasenko for Roughing.
3:04 of 1st period - Casey Cizikas wins face-off versus Mikael Backlund in Washington Capitals zone.
3:08 of 1st period - Wrist shot by Jeff Skinner.
3:08 of 1st period - Stopped by Jake Oettinger without a rebound.
3:09 of 1st period - Casey Cizikas wins face-off versus Mikael Backlund in Washington Capitals zone.
5:03 of 1st period - Penalty to Vladimir Tarasenko is over, Vladimir Tarasenko is back on ice.
5:32 of 1st period - Cody Glass is hit by Owen Tippett and loses puck.
5:37 of 1st period - Wrist shot by Nick Foligno.
5:37 of 1st period - Shot Misses the Net.
5:39 of 1st period - Wrist shot by Jamie Oleksiak.
5:39 of 1st period - Stopped by Connor Ingram with a rebound.
6:14 of 1st period - Wrist shot by Samuel Poulin.
6:14 of 1st period - Shot Misses the Net.
6:42 of 1st period - Snap shot by Vladimir Tarasenko.
6:42 of 1st period - Stopped by Connor Ingram with a rebound.
7:36 of 1st period - Icing by Fabian Zetterlund.
7:37 of 1st period - Nico Hischier wins face-off versus Casey Cizikas in Washington Capitals zone.
7:39 of 1st period - Icing by Alex Ovechkin.
7:40 of 1st period - Casey Cizikas wins face-off versus Nico Hischier in Washington Capitals zone.
8:27 of 1st period - Off-side.
8:28 of 1st period - Nick Foligno wins face-off versus Radek Faksa in neutral zone.
9:24 of 1st period - Wrist shot by Drake Batherson.
9:24 of 1st period - Shot Misses the Net.
9:26 of 1st period - Wrist shot by Drake Batherson.
9:26 of 1st period - Shot Misses the Net.
9:28 of 1st period - Slapshot by Jamie Oleksiak.
9:28 of 1st period - Stopped by Connor Ingram with a rebound.
9:40 of 1st period - Slapshot by Sean Kuraly.
9:40 of 1st period - Shot Misses the Net.
9:42 of 1st period - Snap shot by Ryan Winterton.
9:42 of 1st period - Shot Blocked by Jamie Oleksiak.
9:44 of 1st period - Snap shot by Jesper Fast.
9:44 of 1st period - Shot Blocked by Brad Marchand.
9:46 of 1st period - Slapshot by Sean Kuraly.
9:46 of 1st period - Shot Blocked by John Carlson.
9:48 of 1st period - Snap shot by Sean Kuraly.
9:48 of 1st period - Shot Blocked by Jamie Oleksiak.
10:22 of 1st period - Wrist shot by Samuel Poulin.
10:22 of 1st period - Shot Misses the Net.
10:24 of 1st period - Snap shot by Matt Rempe.
10:24 of 1st period - Goal by Matt Rempe - Washington Capitals : 0 - Philadelphia Flyers : 1.
10:25 of 1st period - Nico Hischier wins face-off versus Radek Faksa in neutral zone.
11:55 of 1st period - Snap shot by Cody Glass.
11:55 of 1st period - Stopped by Jake Oettinger with a rebound.
11:57 of 1st period - Snap shot by Radek Faksa.
11:57 of 1st period - Goal by Radek Faksa - Washington Capitals : 0 - Philadelphia Flyers : 2.
11:58 of 1st period - Nico Hischier wins face-off versus Radek Faksa in neutral zone.
12:01 of 1st period - Backhand shot by Jason Robertson.
12:01 of 1st period - Shot Misses the Net.
12:23 of 1st period - Vladislav Gavrikov is hit by Mikael Backlund and loses puck.
12:48 of 1st period - Snap shot by Marcus Johansson.
12:48 of 1st period - Shot Misses the Net.
13:39 of 1st period - Icing by Joel Edmundson.
13:40 of 1st period - Radek Faksa wins face-off versus Mikael Backlund in Philadelphia Flyers zone.
13:49 of 1st period - Wrist shot by Sonny Milano.
13:49 of 1st period - Shot Blocked by Nick Jensen.
13:55 of 1st period - Cody Glass is hit by Nick Jensen and loses puck.
14:52 of 1st period - Samuel Poulin is hit by John Carlson and loses puck.
15:03 of 1st period - Snap shot by Samuel Poulin.
15:03 of 1st period - Stopped by Jake Oettinger with a rebound.
15:21 of 1st period - Slapshot by Drake Batherson.
15:21 of 1st period - Stopped by Connor Ingram with a rebound.
15:23 of 1st period - Snap shot by Fabian Zetterlund.
15:23 of 1st period - Shot Blocked by Albert Johansson.
15:35 of 1st period - Slapshot by Drake Batherson.
15:35 of 1st period - Stopped by Connor Ingram without a rebound.
15:36 of 1st period - Radek Faksa wins face-off versus Nico Hischier in Philadelphia Flyers zone.
16:27 of 1st period - Snap shot by Ryan Winterton.
16:27 of 1st period - Deflect By Casey Cizikas.
16:27 of 1st period - Shot Misses the Net.
16:27 of 1st period - Puck is out of play.
16:28 of 1st period - Mikael Backlund wins face-off versus Casey Cizikas in Washington Capitals zone.
16:45 of 1st period - Jeff Skinner is hit by Brad Marchand and loses puck.
17:14 of 1st period - Wrist shot by Jeff Skinner.
17:14 of 1st period - Deflect By Brad Marchand.
17:14 of 1st period - Shot Misses the Net.
17:14 of 1st period - Puck is out of play.
17:15 of 1st period - Cody Glass wins face-off versus Nico Hischier in Washington Capitals zone.
17:16 of 1st period - Snap shot by Radek Faksa.
17:16 of 1st period - Deflect By Jason Robertson.
17:16 of 1st period - Stopped by Jake Oettinger without a rebound.
17:17 of 1st period - Nico Hischier wins face-off versus Radek Faksa in Washington Capitals zone.
17:26 of 1st period - Wrist shot by Jason Robertson.
17:26 of 1st period - Shot Misses the Net.
17:34 of 1st period - Wrist shot by Alex Ovechkin.
17:34 of 1st period - Shot Misses the Net.
17:49 of 1st period - Snap shot by Vladimir Tarasenko.
17:49 of 1st period - Shot Misses the Net.
17:51 of 1st period - Wrist shot by Owen Tippett.
17:51 of 1st period - Deflect By Sean Kuraly.
17:51 of 1st period - Shot Misses the Net.
17:51 of 1st period - Puck is out of play.
17:52 of 1st period - Brad Marchand wins face-off versus Sean Kuraly in Philadelphia Flyers zone.
18:05 of 1st period - Wrist shot by Mikael Backlund.
18:05 of 1st period - Shot Misses the Net.
18:35 of 1st period - Wrist shot by Jordan Kyrou.
18:35 of 1st period - Stopped by Connor Ingram without a rebound.
18:36 of 1st period - Nico Hischier wins face-off versus Radek Faksa in Philadelphia Flyers zone.
18:43 of 1st period - Snap shot by Sonny Milano.
18:43 of 1st period - Stopped by Jake Oettinger without a rebound.
18:44 of 1st period - Radek Faksa wins face-off versus Nico Hischier in Washington Capitals zone.
18:55 of 1st period - Snap shot by Radek Faksa.
18:55 of 1st period - Shot Misses the Net.
19:36 of 1st period - Snap shot by Vladimir Tarasenko.
19:36 of 1st period - Shot Blocked by Jesper Fast.
Goals for this period are 0 for Washington Capitals vs 2 for Philadelphia Flyers.
Shots for this period are 6 for Washington Capitals vs 10 for Philadelphia Flyers.
2nd period
0:01 of 2nd period - Nico Hischier wins face-off versus Radek Faksa in neutral zone.
0:33 of 2nd period - Snap shot by Mikael Backlund.
0:33 of 2nd period - Stopped by Connor Ingram without a rebound.
0:34 of 2nd period - Mikael Backlund wins face-off versus Samuel Poulin in Philadelphia Flyers zone.
0:44 of 2nd period - Wrist shot by Lukas Rousek.
0:44 of 2nd period - Deflect By Samuel Poulin.
0:44 of 2nd period - Stopped by Jake Oettinger with a rebound.
0:50 of 2nd period - Slapshot by Lukas Rousek.
0:50 of 2nd period - Deflect By Jordan Kyrou.
0:50 of 2nd period - Stopped by Jake Oettinger with a rebound.
1:10 of 2nd period - Jason Robertson is hit by Sean Kuraly and loses puck.
1:25 of 2nd period - Snap shot by Nick Foligno.
1:25 of 2nd period - Shot Misses the Net.
1:50 of 2nd period - Wrist shot by Drake Batherson.
1:50 of 2nd period - Stopped by Connor Ingram without a rebound.
1:51 of 2nd period - Samuel Poulin wins face-off versus Nico Hischier in Philadelphia Flyers zone.
1:58 of 2nd period - Wrist shot by Jason Robertson.
1:58 of 2nd period - Stopped by Connor Ingram without a rebound.
1:59 of 2nd period - Samuel Poulin wins face-off versus Nico Hischier in Philadelphia Flyers zone.
2:08 of 2nd period - Wrist shot by Nico Hischier.
2:08 of 2nd period - Stopped by Connor Ingram without a rebound.
2:09 of 2nd period - Radek Faksa wins face-off versus Nico Hischier in Philadelphia Flyers zone.
2:25 of 2nd period - Nick Jensen is hit by Sonny Milano and loses puck.
2:37 of 2nd period - Off-side.
2:38 of 2nd period - Sean Kuraly wins face-off versus Nick Foligno in neutral zone.
2:48 of 2nd period - Wrist shot by Jesper Fast.
2:48 of 2nd period - Shot Blocked by Vladimir Tarasenko.
2:50 of 2nd period - Wrist shot by Ryan Winterton.
2:50 of 2nd period - Shot Blocked by Owen Tippett.
3:00 of 2nd period - Minor Penalty to John Carlson for Tripping.
3:01 of 2nd period - Mikael Backlund wins face-off versus Radek Faksa in Washington Capitals zone.
3:12 of 2nd period - Snap shot by Cody Glass.
3:12 of 2nd period - Deflect By Mikael Backlund.
3:12 of 2nd period - Shot Blocked by Jamie Oleksiak.
3:12 of 2nd period - Puck is out of play.
3:13 of 2nd period - Radek Faksa wins face-off versus Mikael Backlund in Washington Capitals zone.
3:18 of 2nd period - Snap shot by Marcus Johansson.
3:18 of 2nd period - Shot Misses the Net.
3:20 of 2nd period - Slapshot by Trevor van Riemsdyk.
3:20 of 2nd period - Shot Misses the Net.
3:24 of 2nd period - Slapshot by Cody Glass.
3:24 of 2nd period - Shot Misses the Net.
3:38 of 2nd period - Casey Cizikas is hit by Derek Forbort and loses puck.
5:00 of 2nd period - Penalty to John Carlson is over, John Carlson is back on ice.
5:08 of 2nd period - Slapshot by Sean Kuraly.
5:08 of 2nd period - Deflect By Samuel Poulin.
5:08 of 2nd period - Shot Misses the Net.
5:08 of 2nd period - Puck is out of play.
5:09 of 2nd period - Samuel Poulin wins face-off versus Nico Hischier in Washington Capitals zone.
5:12 of 2nd period - Wrist shot by Lukas Rousek.
5:12 of 2nd period - Shot Misses the Net.
5:14 of 2nd period - Wrist shot by Matt Rempe.
5:14 of 2nd period - Deflect By Samuel Poulin.
5:14 of 2nd period - Shot Misses the Net.
5:14 of 2nd period - Puck is out of play.
5:15 of 2nd period - Samuel Poulin wins face-off versus Nico Hischier in Washington Capitals zone.
5:22 of 2nd period - Snap shot by Matt Rempe.
5:22 of 2nd period - Stopped by Jake Oettinger with a rebound.
5:46 of 2nd period - Wrist shot by Brad Marchand.
5:46 of 2nd period - Shot Misses the Net.
5:48 of 2nd period - Wrist shot by Brad Marchand.
5:48 of 2nd period - Washington Capitals goal is going for a video replay.
5:48 of 2nd period - The goal is refused. The goal has been scored and an ineligible player is on the ice..
5:49 of 2nd period - Radek Faksa wins face-off versus Nico Hischier in Philadelphia Flyers zone.
6:00 of 2nd period - Snap shot by Alex Ovechkin.
6:00 of 2nd period - Stopped by Connor Ingram without a rebound.
6:01 of 2nd period - Nico Hischier wins face-off versus Sean Kuraly in Philadelphia Flyers zone.
6:11 of 2nd period - Wrist shot by Alex Ovechkin.
6:11 of 2nd period - Goal by Alex Ovechkin - Washington Capitals : 1 - Philadelphia Flyers : 2.
6:12 of 2nd period - Nico Hischier wins face-off versus Jeff Skinner in neutral zone.
6:48 of 2nd period - Snap shot by Sean Kuraly.
6:48 of 2nd period - Shot Blocked by Jordan Kyrou.
7:02 of 2nd period - Snap shot by Cody Glass.
7:02 of 2nd period - Stopped by Jake Oettinger without a rebound.
7:03 of 2nd period - Nick Foligno wins face-off versus Radek Faksa in Washington Capitals zone.
7:16 of 2nd period - Snap shot by Owen Tippett.
7:16 of 2nd period - Deflect By Nick Foligno.
7:16 of 2nd period - Goal by Nick Foligno - Washington Capitals : 2 - Philadelphia Flyers : 2.
7:17 of 2nd period - Samuel Poulin wins face-off versus Nico Hischier in neutral zone.
7:31 of 2nd period - Snap shot by Samuel Poulin.
7:31 of 2nd period - Deflect By Lukas Rousek.
7:31 of 2nd period - Stopped by Jake Oettinger without a rebound.
7:32 of 2nd period - Casey Cizikas wins face-off versus Mikael Backlund in Washington Capitals zone.
7:43 of 2nd period - Slapshot by Marcus Johansson.
7:43 of 2nd period - Stopped by Jake Oettinger without a rebound.
7:44 of 2nd period - Samuel Poulin wins face-off versus Nico Hischier in Washington Capitals zone.
8:11 of 2nd period - Jordan Kyrou is hit by Sean Kuraly and loses puck.
8:36 of 2nd period - Snap shot by Radek Faksa.
8:36 of 2nd period - Shot Misses the Net.
8:40 of 2nd period - Wrist shot by Cody Glass.
8:40 of 2nd period - Shot Misses the Net.
8:42 of 2nd period - Slapshot by Joel Edmundson.
8:42 of 2nd period - Shot Blocked by Jordan Kyrou.
8:46 of 2nd period - Backhand shot by Radek Faksa.
8:46 of 2nd period - Stopped by Jake Oettinger with a rebound.
9:02 of 2nd period - Snap shot by Casey Cizikas.
9:02 of 2nd period - Stopped by Jake Oettinger without a rebound.
9:03 of 2nd period - Nico Hischier wins face-off versus Samuel Poulin in Washington Capitals zone.
9:24 of 2nd period - Minor Penalty to Alex Ovechkin for Goalie Interference.
9:25 of 2nd period - Mikael Backlund wins face-off versus Sonny Milano in Washington Capitals zone.
9:36 of 2nd period - Wrist shot by Jeff Skinner.
9:36 of 2nd period - Stopped by Jake Oettinger without a rebound.
9:37 of 2nd period - Radek Faksa wins face-off versus Mikael Backlund in Washington Capitals zone.
10:02 of 2nd period - Slapshot by Casey Cizikas.
10:02 of 2nd period - Deflect By Brad Marchand.
10:02 of 2nd period - Shot Misses the Net.
10:02 of 2nd period - Puck is out of play.
10:03 of 2nd period - Mikael Backlund wins face-off versus Casey Cizikas in Washington Capitals zone.
10:14 of 2nd period - Wrist shot by Jeff Skinner.
10:14 of 2nd period - Shot Misses the Net.
11:24 of 2nd period - Penalty to Alex Ovechkin is over, Alex Ovechkin is back on ice.
11:26 of 2nd period - Jeff Skinner is hit by Mikael Backlund.
12:14 of 2nd period - Snap shot by Drake Batherson.
12:14 of 2nd period - Deflect By Casey Cizikas.
12:14 of 2nd period - Stopped by Connor Ingram without a rebound.
12:15 of 2nd period - Casey Cizikas wins face-off versus Michael McLeod in Philadelphia Flyers zone.
12:21 of 2nd period - Off-side.
12:22 of 2nd period - Radek Faksa wins face-off versus Nico Hischier in neutral zone.
12:33 of 2nd period - Snap shot by Nico Hischier.
12:33 of 2nd period - Shot Misses the Net.
12:35 of 2nd period - Wrist shot by Nico Hischier.
12:35 of 2nd period - Shot Blocked by Vladislav Gavrikov.
12:37 of 2nd period - Backhand shot by Nico Hischier.
12:37 of 2nd period - Stopped by Connor Ingram without a rebound.
12:38 of 2nd period - Sean Kuraly wins face-off versus Mikael Backlund in Philadelphia Flyers zone.
12:38 of 2nd period - Sean Kuraly is hit by Brad Marchand.
12:52 of 2nd period - Slapshot by Jordan Kyrou.
12:52 of 2nd period - Stopped by Connor Ingram with a rebound.
12:54 of 2nd period - Wrist shot by John Carlson.
12:54 of 2nd period - Stopped by Connor Ingram with a rebound.
13:31 of 2nd period - Snap shot by Nick Foligno.
13:31 of 2nd period - Goal by Nick Foligno - Washington Capitals : 3 - Philadelphia Flyers : 2.
13:32 of 2nd period - Nico Hischier wins face-off versus Radek Faksa in neutral zone.
13:41 of 2nd period - John Carlson is hit by Radek Faksa.
13:47 of 2nd period - Snap shot by Cody Glass.
13:47 of 2nd period - Stopped by Jake Oettinger without a rebound.
13:48 of 2nd period - Ryan Winterton wins face-off versus Mikael Backlund in Washington Capitals zone.
13:49 of 2nd period - Snap shot by Sean Kuraly.
13:49 of 2nd period - Shot Blocked by Jordan Kyrou.
13:51 of 2nd period - Slapshot by Albert Johansson.
13:51 of 2nd period - Deflect By Brad Marchand.
13:51 of 2nd period - Stopped by Jake Oettinger without a rebound.
13:52 of 2nd period - Sean Kuraly wins face-off versus Mikael Backlund in Washington Capitals zone.
13:57 of 2nd period - Slapshot by Jesper Fast.
13:57 of 2nd period - Shot Misses the Net.
14:03 of 2nd period - Slapshot by Jesper Fast.
14:03 of 2nd period - Stopped by Jake Oettinger with a rebound.
14:05 of 2nd period - Snap shot by Jesper Fast.
14:05 of 2nd period - Shot Blocked by Derek Forbort.
14:07 of 2nd period - Slapshot by Ryan Winterton.
14:07 of 2nd period - Deflect By Jesper Fast.
14:07 of 2nd period - Stopped by Jake Oettinger without a rebound.
14:08 of 2nd period - Jeff Skinner wins face-off versus Jason Robertson in Washington Capitals zone.
14:15 of 2nd period - Wrist shot by Jeff Skinner.
14:15 of 2nd period - Stopped by Jake Oettinger with a rebound.
14:17 of 2nd period - Wrist shot by Vladislav Gavrikov.
14:17 of 2nd period - Deflect By Marcus Johansson.
14:17 of 2nd period - Stopped by Jake Oettinger with a rebound.
14:19 of 2nd period - Slapshot by Trevor van Riemsdyk.
14:19 of 2nd period - Stopped by Jake Oettinger with a rebound.
14:33 of 2nd period - Alex Ovechkin is hit by Cody Glass and loses puck.
14:42 of 2nd period - Slapshot by Jamie Oleksiak.
14:42 of 2nd period - Stopped by Connor Ingram without a rebound.
14:43 of 2nd period - Samuel Poulin wins face-off versus Brad Marchand in Philadelphia Flyers zone.
14:54 of 2nd period - Wrist shot by Mikael Backlund.
14:54 of 2nd period - Shot Blocked by Joel Edmundson.
15:35 of 2nd period - Wrist shot by Marcus Johansson.
15:35 of 2nd period - Deflect By Jeff Skinner.
15:35 of 2nd period - Shot Blocked by Fabian Zetterlund.
15:35 of 2nd period - Puck is out of play.
15:36 of 2nd period - Nico Hischier wins face-off versus Samuel Poulin in Washington Capitals zone.
16:29 of 2nd period - Slapshot by Cody Glass.
16:29 of 2nd period - Shot Misses the Net.
16:31 of 2nd period - Slapshot by Cody Glass.
16:31 of 2nd period - Stopped by Jake Oettinger without a rebound.
16:32 of 2nd period - Sean Kuraly wins face-off versus Nico Hischier in Washington Capitals zone.
16:33 of 2nd period - Snap shot by Jesper Fast.
16:33 of 2nd period - Shot Misses the Net.
16:41 of 2nd period - Snap shot by Jason Robertson.
16:41 of 2nd period - Shot Blocked by Jesper Fast.
17:04 of 2nd period - Wrist shot by Mikael Backlund.
17:04 of 2nd period - Shot Misses the Net.
17:40 of 2nd period - Slapshot by Samuel Poulin.
17:40 of 2nd period - Shot Misses the Net.
17:42 of 2nd period - Slapshot by Albert Johansson.
17:42 of 2nd period - Shot Misses the Net.
17:44 of 2nd period - Snap shot by Daniil Misyul.
17:44 of 2nd period - Shot Misses the Net.
17:46 of 2nd period - Slapshot by Matt Rempe.
17:46 of 2nd period - Shot Blocked by Vladimir Tarasenko.
17:48 of 2nd period - Snap shot by Lukas Rousek.
17:48 of 2nd period - Stopped by Jake Oettinger with a rebound.
17:50 of 2nd period - Snap shot by Samuel Poulin.
17:50 of 2nd period - Stopped by Jake Oettinger without a rebound.
17:51 of 2nd period - Radek Faksa wins face-off versus Nico Hischier in Washington Capitals zone.
18:41 of 2nd period - Wrist shot by Owen Tippett.
18:41 of 2nd period - Deflect By Nick Foligno.
18:41 of 2nd period - Stopped by Connor Ingram with a rebound.
18:43 of 2nd period - Snap shot by Nick Foligno.
18:43 of 2nd period - Stopped by Connor Ingram with a rebound.
18:45 of 2nd period - Wrist shot by Nick Foligno.
18:45 of 2nd period - Stopped by Connor Ingram with a rebound.
18:47 of 2nd period - Wrist shot by Ian Cole.
18:47 of 2nd period - Deflect By Ryan Winterton.
18:47 of 2nd period - Stopped by Connor Ingram with a rebound.
18:49 of 2nd period - Snap shot by Vladimir Tarasenko.
18:49 of 2nd period - Shot Misses the Net.
19:01 of 2nd period - Snap shot by Cody Glass.
19:01 of 2nd period - Stopped by Jake Oettinger without a rebound.
19:02 of 2nd period - Radek Faksa wins face-off versus Michael McLeod in Washington Capitals zone.
19:17 of 2nd period - Wrist shot by Cody Glass.
19:17 of 2nd period - Stopped by Jake Oettinger with a rebound.
19:47 of 2nd period - Slapshot by Radek Faksa.
19:47 of 2nd period - Shot Misses the Net.
19:55 of 2nd period - Wrist shot by Drake Batherson.
19:55 of 2nd period - Shot Misses the Net.
19:59 of 2nd period - Wrist shot by Drake Batherson.
19:59 of 2nd period - Stopped by Connor Ingram without a rebound.
Goals for this period are 3 for Washington Capitals vs 0 for Philadelphia Flyers.
Shots for this period are 19 for Washington Capitals vs 21 for Philadelphia Flyers.
3rd period
0:01 of 3rd period - Casey Cizikas wins face-off versus Nico Hischier in neutral zone.
0:26 of 3rd period - Ryan Winterton is hit by Thomas Harley.
0:32 of 3rd period - Backhand shot by Jesper Fast.
0:32 of 3rd period - Stopped by Jake Oettinger without a rebound.
0:33 of 3rd period - Mikael Backlund wins face-off versus Samuel Poulin in Washington Capitals zone.
0:43 of 3rd period - Off-side.
0:44 of 3rd period - Nico Hischier wins face-off versus Casey Cizikas in neutral zone.
0:51 of 3rd period - Snap shot by Jason Robertson.
0:51 of 3rd period - Shot Misses the Net.
1:09 of 3rd period - Trevor van Riemsdyk is hit by Mikael Backlund and loses puck.
2:13 of 3rd period - Albert Johansson is hit by Jamie Oleksiak.
2:50 of 3rd period - Sean Kuraly is hit by Nico Hischier.
2:56 of 3rd period - Snap shot by Alex Ovechkin.
2:56 of 3rd period - Stopped by Connor Ingram with a rebound.
2:58 of 3rd period - Snap shot by Nico Hischier.
2:58 of 3rd period - Deflect By Jason Robertson.
2:58 of 3rd period - Shot Misses the Net.
2:58 of 3rd period - Puck is out of play.
2:59 of 3rd period - Casey Cizikas wins face-off versus Mikael Backlund in Philadelphia Flyers zone.
3:06 of 3rd period - Snap shot by Brad Marchand.
3:06 of 3rd period - Stopped by Connor Ingram with a rebound.
3:28 of 3rd period - Samuel Poulin is hit by Nick Foligno.
3:50 of 3rd period - John Carlson is hit by Sonny Milano and loses puck.
4:30 of 3rd period - Backhand shot by Jeff Skinner.
4:30 of 3rd period - Stopped by Jake Oettinger with a rebound.
4:48 of 3rd period - Slapshot by Matt Rempe.
4:48 of 3rd period - Stopped by Jake Oettinger with a rebound.
5:02 of 3rd period - Nico Hischier is hit by Sonny Milano and loses puck.
5:43 of 3rd period - Backhand shot by Ian Cole.
5:43 of 3rd period - Deflect By Alex Ovechkin.
5:43 of 3rd period - Shot Misses the Net.
5:43 of 3rd period - Puck is out of play.
5:44 of 3rd period - Mikael Backlund wins face-off versus Samuel Poulin in Philadelphia Flyers zone.
5:57 of 3rd period - Wrist shot by Brad Marchand.
5:57 of 3rd period - Stopped by Connor Ingram without a rebound.
5:58 of 3rd period - Mikael Backlund wins face-off versus Casey Cizikas in Philadelphia Flyers zone.
6:05 of 3rd period - Slapshot by Mikael Backlund.
6:05 of 3rd period - Stopped by Connor Ingram with a rebound.
6:25 of 3rd period - Derek Forbort is hit by Radek Faksa and loses puck.
6:48 of 3rd period - Slapshot by Michael McLeod.
6:48 of 3rd period - Shot Misses the Net.
6:50 of 3rd period - Wrist shot by Drake Batherson.
6:50 of 3rd period - Shot Misses the Net.
7:08 of 3rd period - Backhand shot by Sonny Milano.
7:08 of 3rd period - Shot Misses the Net.
7:20 of 3rd period - Snap shot by Cody Glass.
7:20 of 3rd period - Stopped by Jake Oettinger without a rebound.
7:21 of 3rd period - Jesper Fast wins face-off versus Nick Foligno in Washington Capitals zone.
7:32 of 3rd period - Snap shot by Jesper Fast.
7:32 of 3rd period - Stopped by Jake Oettinger with a rebound.
8:32 of 3rd period - Snap shot by Jordan Kyrou.
8:32 of 3rd period - Shot Misses the Net.
8:36 of 3rd period - Wrist shot by Brad Marchand.
8:36 of 3rd period - Shot Misses the Net.
8:38 of 3rd period - Slapshot by Nick Jensen.
8:38 of 3rd period - Shot Misses the Net.
8:50 of 3rd period - Backhand shot by Joel Edmundson.
8:50 of 3rd period - Stopped by Jake Oettinger without a rebound.
8:51 of 3rd period - Samuel Poulin wins face-off versus Nick Foligno in Washington Capitals zone.
8:54 of 3rd period - Snap shot by Lukas Rousek.
8:54 of 3rd period - Deflect By Vladimir Tarasenko.
8:54 of 3rd period - Shot Misses the Net.
8:54 of 3rd period - Puck is out of play.
8:55 of 3rd period - Nico Hischier wins face-off versus Casey Cizikas in Washington Capitals zone.
9:02 of 3rd period - Slapshot by Nico Hischier.
9:02 of 3rd period - Stopped by Connor Ingram without a rebound.
9:03 of 3rd period - Casey Cizikas wins face-off versus Nico Hischier in Philadelphia Flyers zone.
9:16 of 3rd period - Vladislav Gavrikov is hit by Jason Robertson and loses puck.
10:31 of 3rd period - Snap shot by Alex Ovechkin.
10:31 of 3rd period - Shot Misses the Net.
10:53 of 3rd period - Wrist shot by Jeff Skinner.
10:53 of 3rd period - Stopped by Jake Oettinger with a rebound.
11:06 of 3rd period - Icing by Trevor van Riemsdyk.
11:07 of 3rd period - Mikael Backlund wins face-off versus Casey Cizikas in Philadelphia Flyers zone.
11:10 of 3rd period - Snap shot by Brad Marchand.
11:10 of 3rd period - Shot Blocked by Casey Cizikas.
11:12 of 3rd period - Slapshot by Jamie Oleksiak.
11:12 of 3rd period - Stopped by Connor Ingram with a rebound.
11:14 of 3rd period - Slapshot by Jamie Oleksiak.
11:14 of 3rd period - Stopped by Connor Ingram with a rebound.
11:38 of 3rd period - Snap shot by Trevor van Riemsdyk.
11:38 of 3rd period - Deflect By Samuel Poulin.
11:38 of 3rd period - Shot Blocked by Owen Tippett.
11:38 of 3rd period - Puck is out of play.
11:39 of 3rd period - Nick Foligno wins face-off versus Samuel Poulin in Washington Capitals zone.
11:39 of 3rd period - Nick Foligno is hit by Matt Rempe.
11:47 of 3rd period - Snap shot by Lukas Rousek.
11:47 of 3rd period - Deflect By Samuel Poulin.
11:47 of 3rd period - Stopped by Jake Oettinger without a rebound.
11:48 of 3rd period - Sean Kuraly wins face-off versus Mikael Backlund in Washington Capitals zone.
12:18 of 3rd period - Off-side.
12:19 of 3rd period - Nick Foligno wins face-off versus Samuel Poulin in neutral zone.
12:22 of 3rd period - Lukas Rousek is hit by Nick Foligno.
12:26 of 3rd period - Wrist shot by Nick Foligno.
12:26 of 3rd period - Stopped by Connor Ingram with a rebound.
12:28 of 3rd period - Snap shot by Owen Tippett.
12:28 of 3rd period - Shot Misses the Net.
12:30 of 3rd period - Snap shot by Nick Foligno.
12:30 of 3rd period - Stopped by Connor Ingram with a rebound.
12:32 of 3rd period - Snap shot by Nick Foligno.
12:32 of 3rd period - Stopped by Connor Ingram without a rebound.
12:33 of 3rd period - Cody Glass wins face-off versus Mikael Backlund in Philadelphia Flyers zone.
13:05 of 3rd period - Snap shot by Sean Kuraly.
13:05 of 3rd period - Stopped by Jake Oettinger without a rebound.
13:06 of 3rd period - Sean Kuraly wins face-off versus Nico Hischier in Washington Capitals zone.
13:10 of 3rd period - Icing by Jamie Oleksiak.
13:11 of 3rd period - Nico Hischier wins face-off versus Sean Kuraly in Washington Capitals zone.
14:04 of 3rd period - Snap shot by Lukas Rousek.
14:04 of 3rd period - Shot Misses the Net.
14:06 of 3rd period - Slapshot by Daniil Misyul.
14:06 of 3rd period - Shot Misses the Net.
14:08 of 3rd period - Slapshot by Daniil Misyul.
14:08 of 3rd period - Shot Blocked by Vladimir Tarasenko.
14:10 of 3rd period - Slapshot by Albert Johansson.
14:10 of 3rd period - Deflect By Derek Forbort.
14:10 of 3rd period - Stopped by Jake Oettinger without a rebound.
14:11 of 3rd period - Radek Faksa wins face-off versus Nico Hischier in Washington Capitals zone.
14:14 of 3rd period - Snap shot by Cody Glass.
14:14 of 3rd period - Stopped by Jake Oettinger without a rebound.
14:15 of 3rd period - Alex Ovechkin wins face-off versus Radek Faksa in Washington Capitals zone.
15:26 of 3rd period - Snap shot by Marcus Johansson.
15:26 of 3rd period - Shot Misses the Net.
15:28 of 3rd period - Wrist shot by Marcus Johansson.
15:28 of 3rd period - Goal by Marcus Johansson - Washington Capitals : 3 - Philadelphia Flyers : 3.
15:29 of 3rd period - Nick Foligno wins face-off versus Samuel Poulin in neutral zone.
15:36 of 3rd period - Lukas Rousek is hit by Jamie Oleksiak and loses puck.
15:55 of 3rd period - Nico Hischier is hit by Daniil Misyul and loses puck.
16:07 of 3rd period - Off-side.
16:08 of 3rd period - Nick Foligno wins face-off versus Radek Faksa in neutral zone.
17:00 of 3rd period - Jordan Kyrou is hit by Daniil Misyul and loses puck.
17:23 of 3rd period - Wrist shot by Drake Batherson.
17:23 of 3rd period - Stopped by Connor Ingram with a rebound.
17:31 of 3rd period - Minor Penalty to Casey Cizikas for High sticking.
17:32 of 3rd period - Nico Hischier wins face-off versus Sonny Milano in Philadelphia Flyers zone.
17:33 of 3rd period - Slapshot by Alex Ovechkin.
17:33 of 3rd period - Stopped by Connor Ingram with a rebound.
17:35 of 3rd period - Snap shot by Jason Robertson.
17:35 of 3rd period - Shot Blocked by Vladislav Gavrikov.
17:37 of 3rd period - Snap shot by Jason Robertson.
17:37 of 3rd period - Deflect By Alex Ovechkin.
17:37 of 3rd period - Stopped by Connor Ingram without a rebound.
17:38 of 3rd period - Alex Ovechkin wins face-off versus Sonny Milano in Philadelphia Flyers zone.
17:53 of 3rd period - Snap shot by Jason Robertson.
17:53 of 3rd period - Shot Misses the Net.
17:55 of 3rd period - Wrist shot by Jason Robertson.
17:55 of 3rd period - Stopped by Connor Ingram with a rebound.
19:31 of 3rd period - Penalty to Casey Cizikas is over, Casey Cizikas is back on ice.
19:58 of 3rd period - Jordan Kyrou is hit by Albert Johansson and loses puck.
Goals for this period are 0 for Washington Capitals vs 1 for Philadelphia Flyers.
Shots for this period are 14 for Washington Capitals vs 12 for Philadelphia Flyers.
Overtime #1
0:01 of 1st overtime period - Nico Hischier wins face-off versus Radek Faksa in neutral zone.
0:08 of 1st overtime period - Wrist shot by Alex Ovechkin.
0:08 of 1st overtime period - Shot Blocked by Joel Edmundson.
0:49 of 1st overtime period - Slapshot by John Carlson.
0:49 of 1st overtime period - Stopped by Connor Ingram with a rebound.
0:51 of 1st overtime period - Slapshot by Vladimir Tarasenko.
0:51 of 1st overtime period - Shot Misses the Net.
0:53 of 1st overtime period - Slapshot by Owen Tippett.
0:53 of 1st overtime period - Stopped by Connor Ingram with a rebound.
0:55 of 1st overtime period - Wrist shot by Nick Foligno.
0:55 of 1st overtime period - Stopped by Connor Ingram without a rebound.
0:56 of 1st overtime period - Nico Hischier wins face-off versus Cody Glass in Philadelphia Flyers zone.
1:05 of 1st overtime period - Snap shot by Jason Robertson.
1:05 of 1st overtime period - Shot Misses the Net.
1:13 of 1st overtime period - Wrist shot by Nico Hischier.
1:13 of 1st overtime period - Stopped by Connor Ingram with a rebound.
1:58 of 1st overtime period - Vladimir Tarasenko is hit by Matt Rempe and loses puck.
3:19 of 1st overtime period - Snap shot by Vladimir Tarasenko.
3:19 of 1st overtime period - Deflect By Owen Tippett.
3:19 of 1st overtime period - Stopped by Connor Ingram without a rebound.
3:20 of 1st overtime period - Nico Hischier wins face-off versus Radek Faksa in Philadelphia Flyers zone.
3:45 of 1st overtime period - Jesper Fast is hit by Jordan Kyrou and loses puck.
4:26 of 1st overtime period - Nick Jensen is hit by Sonny Milano.
4:44 of 1st overtime period - Daniil Misyul is hit by Ian Cole and loses puck.
5:01 of 1st overtime period - Snap shot by Sean Kuraly.
5:01 of 1st overtime period - Shot Misses the Net.
5:03 of 1st overtime period - Snap shot by Zac Jones.
5:03 of 1st overtime period - Stopped by Jake Oettinger without a rebound.
5:04 of 1st overtime period - Michael McLeod wins face-off versus Sean Kuraly in Washington Capitals zone.
5:19 of 1st overtime period - Snap shot by Sean Kuraly.
5:19 of 1st overtime period - Stopped by Jake Oettinger with a rebound.
5:51 of 1st overtime period - Icing by Jeff Skinner.
5:52 of 1st overtime period - Mikael Backlund wins face-off versus Radek Faksa in Philadelphia Flyers zone.
6:15 of 1st overtime period - Minor Penalty to Jamie Oleksiak for Holding.
6:16 of 1st overtime period - Mikael Backlund wins face-off versus Marcus Johansson in Washington Capitals zone.
6:42 of 1st overtime period - Icing by Trevor van Riemsdyk.
6:43 of 1st overtime period - Mikael Backlund wins face-off versus Casey Cizikas in Philadelphia Flyers zone.
8:05 of 1st overtime period - Snap shot by Cody Glass.
8:05 of 1st overtime period - Goal by Cody Glass - Washington Capitals : 3 - Philadelphia Flyers : 4.
Goals for this period are 0 for Washington Capitals vs 1 for Philadelphia Flyers.
Shots for this period are 5 for Washington Capitals vs 3 for Philadelphia Flyers.
Back to the Top